AoeStats
← king0ld

Arena

510176431Analyzed
4v4 RM · 3d ago on Sep 29, 2026· 43m 23s· 8 players
Game mode
Random Map
Map size
Large (8 player)
Population
200
Speed
Normal
Resources
Standard
Victory
Conquest
Starting age
Dark Age
Ending age
Imperial Age
RankedLock teamsTeams togetherTeam positionsShared explorationLock speedFull tech treeHidden civsTurbo modeCheats
Victory
Defeat
🇹🇷 Britons · Türkiye
1056
+12
🇹🇷 Bohemians · Türkiye
1007
+14
🇹🇷 Malay · Türkiye
952
+16
🇨🇳 Burgundians · China
928
+17
🇦🇷 Byzantines · Argentina
966
-15
🇫🇴 Maya · Faroe Islands
962
-15
🇵🇱 Teutons · Poland
962
-15
🇩🇴 Portuguese · Dominican Republic
945
-14
SonniRagz
14:20 Feudal Age
16:59 Horse Collar
17:08 Double-Bit Axe
17:16 Stone Mining
17:16 Gold Mining
21:27 Castle Age
19:48 Man-at-Arms
20:13 Arson
22:17 Squires
22:48 Long Swordsman
26:02 Wheelbarrow
25:12 Town Watch
25:13 Loom
26:15 Heavy Plow
30:51 Bow Saw
31:25 Stone Shaft Mining
31:53 Hand Cart
31:23 Town Watch
31:48 Scale Mail Armor
32:23 Forging
33:15 Town Patrol
34:23 Eagle Warrior
38:14 Imperial Age
38:41 Chain Mail Armor
39:01 Iron Casting
38:37 Elite Eagle Warrior
39:49 Holcans
39:39 Conscription
39:53 Plate Mail Armor
39:55 Crop Rotation
40:29 Two-Man Saw
41:34 Blast Furnace
41:33 Guilds
41:54 Coinage
Helenka
11:02 Feudal Age
11:40 Double-Bit Axe
16:07 Castle Age
16:23 Wheelbarrow
15:36 Loom
21:14 Horse Collar
21:35 Gold Mining
24:44 Stone Mining
30:22 Imperial Age
28:17 Hand Cart
28:09 Heavy Plow
28:27 Bloodlines
29:04 Forging
29:00 Scale Barding Armor
29:55 Chain Barding Armor
30:11 Iron Casting
29:50 Fortified Wall
29:16 Pikeman
29:41 Gambesons
29:57 Squires
29:43 Arson
30:06 Scale Mail Armor
32:07 Plate Barding Armor
32:33 Blast Furnace
30:57 Cavalier
32:02 Conscription
32:17 Crop Rotation
32:01 Bow Saw
32:25 Paladin
37:32 Chain Mail Armor
36:41 Halberdier
39:10 Plate Mail Armor
Santy20
11:26 Feudal Age
9:45 Loom
11:48 Horse Collar
11:54 Double-Bit Axe
18:36 Castle Age
17:16 Stone Mining
19:05 Wheelbarrow
24:05 Elite Skirmisher
24:40 Fletching
24:50 Padded Archer Armor
27:09 Pikeman
28:33 Bodkin Arrow
28:54 Leather Archer Armor
36:58 Scale Barding Armor
37:05 Forging
37:22 Husbandry
king0ld
10:32 Feudal Age
11:16 Double-Bit Axe
11:26 Horse Collar
18:36 Castle Age
16:38 Stone Mining
17:43 Gold Mining
19:28 Wheelbarrow
23:24 Loom
24:57 Heavy Plow
28:34 Hand Cart
30:44 Stone Shaft Mining
35:05 Imperial Age
32:11 Pikeman
34:33 Bow Saw
35:45 Bloodlines
35:35 Husbandry
35:09 Capped Ram
37:12 Crop Rotation
37:46 Two-Man Saw
38:34 Conscription
38:19 Arquebus
37:43 Onager
38:38 Scale Barding Armor
38:59 Scale Mail Armor
38:53 Cavalier
39:28 Light Cavalry
winter is coming
10:47 Feudal Age
12:08 Loom
14:51 Castle Age
12:51 Horse Collar
13:16 Double-Bit Axe
16:29 Wheelbarrow
17:39 Heavy Plow
24:06 Gold Mining
24:06 Stone Mining
25:45 Crossbowman
26:27 Fletching
26:37 Padded Archer Armor
29:29 Imperial Age
27:23 Bodkin Arrow
27:15 Treadmill Crane
28:03 Bow Saw
29:12 Gold Shaft Mining
29:15 Hand Cart
29:20 Leather Archer Armor
29:32 Ballistics
30:21 Bracer
30:53 Pikeman
31:20 Arson
31:35 Squires
32:45 Chemistry
32:56 Ring Archer Armor
32:36 Murder Holes
32:08 Halberdier
32:51 Scale Mail Armor
33:02 Forging
32:27 Arbalester
33:10 Gambesons
34:58 Conscription
36:04 Chain Mail Armor
37:03 Yeomen
38:14 Two-Man Saw
42:17 Elite Longbowman
43:01 Warwolf
King of Negev
5:21 Loom
10:17 Feudal Age
10:22 Horse Collar
18:18 Castle Age
16:13 Double-Bit Axe
18:40 Gold Mining
18:42 Stone Mining
20:25 Bow Saw
23:38 Heavy Plow
26:33 Town Watch
29:27 Gold Shaft Mining
29:59 Wheelbarrow
29:56 Scale Barding Armor
30:01 Forging
33:02 Imperial Age
30:58 Hand Cart
31:35 Caravan
31:52 Husbandry
32:33 Iron Casting
31:57 Elite Battle Elephant
33:26 Crop Rotation
34:15 Blast Furnace
33:44 Conscription
37:21 Pikeman
38:02 Squires
37:47 Arson
37:25 Man-at-Arms
38:43 Forced Levy
38:45 Long Swordsman
38:56 Halberdier
40:02 Two-Handed Swordsman
abcd312
0:32 Loom
10:46 Feudal Age
10:22 Double-Bit Axe
10:29 Horse Collar
11:59 Wheelbarrow
11:58 Heavy Plow
12:23 Bow Saw
18:50 Castle Age
17:18 Gold Mining
17:31 Town Watch
19:49 Gold Shaft Mining
19:06 Stone Mining
20:10 Hand Cart
30:19 Imperial Age
28:46 Crop Rotation
29:24 Stone Shaft Mining
28:39 Treadmill Crane
30:25 Two-Man Saw
30:28 Stone Shaft Mining
32:14 Chemistry
30:53 Cavalier
31:34 Husbandry
31:47 Forging
31:43 Scale Barding Armor
33:42 Paladin
35:08 Light Cavalry
36:34 Chain Barding Armor
36:51 Iron Casting
36:54 Fortified Wall
37:05 Bombard Tower
36:55 Masonry
36:19 Hussar
37:39 Caravan
38:10 Coinage
39:34 Blast Furnace
39:10 Plate Barding Armor
39:13 Banking
41:09 Hoardings
40:40 Burgundian Vineyards
41:54 Guilds
41:47 Scale Mail Armor
41:37 Fletching
41:47 Padded Archer Armor
43:35 Architecture
43:26 Ballistics
43:43 Architecture
43:04 Guard Tower
43:03 Arrowslits
43:16 Bodkin Arrow
43:37 Chain Mail Armor
Akıncı
10:27 Feudal Age
14:48 Castle Age
13:23 Double-Bit Axe
15:58 Bow Saw
16:29 Loom
31:24 Imperial Age
30:08 Wheelbarrow
30:22 Squires
32:15 Chemistry
31:22 Padded Archer Armor
32:34 Leather Archer Armor
34:38 Horse Collar
35:36 Ring Archer Armor
36:26 Conscription
37:54 Wagenburg Tactics
41:12 Two-Man Saw
40:55 Hand Cart
40:38 Houfnice
Connection lost

Rejoining the realm…

Still unreachable

The connection could not be restored.

Session expired

The server has moved on; the page needs a fresh start.